AoeStats
← Slayer1

Black Forest

504398858Analyzed
3v3 RM · 28d ago on Sep 5, 2026· 39m 10s· 6 players
Game mode
Random Map
Map size
Normal (6 player)
Population
200
Speed
Normal
Resources
Standard
Victory
Conquest
Starting age
Dark Age
Ending age
Imperial Age
RankedLock teamsTeams togetherTeam positionsShared explorationLock speedFull tech treeHidden civsTurbo modeCheats
Victory
Defeat
🇦🇷 Britons · Argentina
1088
+16
🇦🇷 Khmer · Argentina
1087
+16
🇦🇷 Burgundians · Argentina
949
+21
🇨🇦 Khmer · Canada
1111
-19
🇺🇸 Bohemians · United States
1109
-19
🇺🇸 Goths · United States
1011
-15
IzzyPizzy
8:38 Loom
11:05 Feudal Age
11:47 Double-Bit Axe
14:48 Wheelbarrow
14:40 Horse Collar
18:44 Castle Age
17:30 Stone Mining
17:22 Man-at-Arms
18:11 Arson
18:31 Scale Mail Armor
19:25 Forging
19:59 Gambesons
20:35 Fletching
22:26 Gold Mining
25:37 Bow Saw
25:42 Bodkin Arrow
26:37 Chain Mail Armor
26:33 Long Swordsman
27:13 Squires
28:22 Hand Cart
29:39 Heavy Plow
30:05 Squires
31:33 Iron Casting
34:41 Imperial Age
35:44 Gold Shaft Mining
34:44 Capped Ram
34:50 Two-Handed Swordsman
36:05 Plate Mail Armor
36:36 Blast Furnace
35:36 Bracer
35:38 Padded Archer Armor
36:01 Conscription
35:54 Champion
John_Salchichon
0:53 Loom
13:15 Feudal Age
16:40 Castle Age
15:04 Stone Mining
15:20 Double-Bit Axe
15:22 Horse Collar
16:19 Gold Mining
17:35 Wheelbarrow
18:52 Heavy Plow
20:57 Fletching
21:21 Forging
21:27 Scale Barding Armor
22:45 Husbandry
26:02 Bloodlines
32:36 Hand Cart
34:38 Gold Shaft Mining
37:27 Tusk Swords
paikiturbo
0:53 Loom
15:37 Feudal Age
16:57 Double-Bit Axe
24:22 Castle Age
23:58 Wheelbarrow
23:17 Horse Collar
25:08 Scale Barding Armor
25:09 Cavalier
25:54 Husbandry
31:22 Forging
37:09 Iron Casting
Doctor
3:45 Loom
16:51 Feudal Age
17:54 Horse Collar
18:10 Double-Bit Axe
30:16 Castle Age
29:56 Scale Mail Armor
30:08 Forging
29:41 Man-at-Arms
31:18 Squires
30:43 Pikeman
33:33 Bow Saw
32:56 Long Swordsman
33:59 Chain Mail Armor
34:21 Iron Casting
OrangeboyIan
1:47 Loom
12:06 Feudal Age
16:56 Castle Age
16:47 Double-Bit Axe
18:40 Horse Collar
25:03 Wheelbarrow
26:26 Pikeman
29:48 Forging
33:44 Bow Saw
33:37 Heavy Plow
35:20 Hand Cart
36:41 Gold Mining
37:03 Scale Mail Armor
39:36 Imperial Age
Slayer1
12:43 Feudal Age
17:31 Castle Age
16:13 Double-Bit Axe
16:16 Horse Collar
17:36 Loom
20:06 Bow Saw
20:21 Heavy Plow
23:42 Wheelbarrow
23:01 Town Watch
24:43 Chemistry
26:38 Hand Cart
26:56 Padded Archer Armor
28:55 Leather Archer Armor
29:56 Scale Mail Armor
34:51 Imperial Age
31:44 Crossbowman
32:06 Pikeman
36:37 Siege Engineers
Connection lost

Rejoining the realm…

Still unreachable

The connection could not be restored.

Session expired

The server has moved on; the page needs a fresh start.